 Dungeon Crawl Stone Soup version 0.31-a0-441-g867994ef1c (webtiles) character file.

Game seed: 17856430027530892001

2 redmage the Digger (level 1, 14/14 HPs)
             Began as a Meteoran Earth Elementalist on Aug 2, 2023.
             Quit the game on level 1 of the Dungeon.
             The game lasted 00:01:40 (160 turns).

redmage the Digger (Meteoran Earth Elementalist)     Turns: 160, Time: 00:01:41

Health: 14/14      AC:  2    Str:  9    XL:     1   Next: 57%
Magic:  5/5        EV: 12    Int: 16    God:
Gold:   11         SH:  0    Dex: 14    Spells: 4/5 levels left

rFire   + . .        (no weapon)
rCold   . . .        (no shield)
rNeg    . . .        a - +0 robe
rPois   .            (no helmet)
rElec   .            (no cloak)
rCorr   .            (no gloves)
SInv    .            (no boots)
Will    .....        (no amulet)
Stlth   +            f - ring of protection from fire
HPRegen 0.22/turn    (no ring)
MPRegen 0.09/turn

%: no passive effects
@: glowing
A: sense surroundings 1, otherworldly, glowing, explore regen
a: no special abilities


You were on level 1 of the Dungeon.
You visited 1 branch of the dungeon, and saw 1 of its levels.

You collected 11 gold pieces.

Inventory:

Armour
 a - a +0 robe (worn)
Jewellery
 f - a ring of protection from fire (left hand)
Scrolls
 c - a scroll of vulnerability {unknown}
 d - 2 scrolls of identify {unknown}
 e - 3 scrolls of fear {unknown}
Potions
 b - a potion of magic


   Skills:
 - Level 2.5 Dodging
 - Level 1.4 Stealth
 + Level 2.7 Spellcasting
 + Level 1.3 Transmutations
 * Level 3.6 Earth Magic


You had 4 spell levels left.
You knew the following spells:

 Your Spells              Type           Power      Damage    Failure   Level
a - Sandblast             Erth           28%        2d8       4%          1

Your spell library contained the following spells:

 Spells                   Type           Power      Damage    Failure   Level
 Passwall                 Tmut/Erth      8%         N/A       11%         2
 Stone Arrow              Conj/Erth      16%        3d8       26%         3
 Petrify                  Tmut/Erth      10%        N/A       56%         4


Dungeon Overview and Level Annotations

Branches:
Dungeon (1/15) Zot: 439

Altars:


Innate Abilities, Weirdness & Mutations

You passively map a small area around you.
You are easily found by Zot.
You glow in the dark.
You regain HP and MP as you explore.


Message History

The blast of sand hits the bat.
You kill the bat!
Unknown command.
Casting: Sandblast (safe; 4% risk of failure)
Confirm with . or Enter, or press ? or * to list all spells.
Aiming: Sandblast (safe; 4% risk of failure)
Press: ? - help, Shift-Dir - straight line, f - goblin
Aim: a goblin, wielding a +0 dagger (77% to hit)
The blast of sand hits the goblin!
You kill the goblin!
Unknown command.
Unknown command.
Things that are here:
a +0 dagger; a goblin corpse You see here a bat corpse.
d - 2 scrolls labelled GOGINE TAAWK
Found 3 scrolls labelled FOWOANLYLO.
You now have 11 gold pieces (gained 9).
Found a blackened granite ring.
e - 3 scrolls labelled FOWOANLYLO A ball python comes into view.
You hit the ball python but do no damage.
The ball python barely misses you. The ball python closely misses you.
Casting: Sandblast (safe; 4% risk of failure)
Confirm with . or Enter, or press ? or * to list all spells.
Aiming: Sandblast (safe; 4% risk of failure)
Press: ? - help, Shift-Dir - straight line, f - ball python
Aim: a ball python (80% to hit)
The blast of sand hits the ball python!
You kill the ball python!
Unknown command.
Unknown command.
You see here a ball python corpse.
f - a ring of protection from fire
f - a ring of protection from fire (left hand)
Found a club.
Press: ? - help, . - travel You can't see that place. [the floor.] Are you sure you want to abandon this character and quit the game? (Confirm with "yes".)

, * * * * , * * , * ** * **
* , * * * ,, ,,,, * ** * **
* , , , , ############## *
#.. #.#, #.@..........# #..#
#.# #.##########.# #..#
#.######## #.# * #..#
#.#.#....# #.# #.. #..#
#.#.+.##.###########.# #.#
#..# ##...#....#........##.#
#.#
#.[###....#....###.##.#.##.#
#.# ..........'...<#
#.##.#.##.# #.#
#..###.##.#....# #.##.#.##.#
#.#


There were no monsters in sight!

Vanquished Creatures
  A goblin (D:1)
  A ball python (D:1)
  A bat (D:1)
3 creatures vanquished.

Notes
Turn   | Place    | Note
-------+----------+-------------------------------------------
     0 | D:1      | redmage the Meteoran Earth Elementalist began the quest for
                  | the Orb.
     0 | D:1      | Reached XP level 1. HP: 14/14 MP: 5/5
   160 | D:1      | Quit the game

Illustrated notes

Levels and vault maps discovered:
D:1:      lemuel_arrival_behind_the_door_small, layout_loops_ring

Action                     || total
---------------------------++-------
  Melee: Unarmed           ||     1
   Cast: Sandblast         ||     3
  Dodge: Dodged            ||     3

Table legend: (Time is in decaauts)
 A = Elapsed time spent in this place.
 B = Non-inter-level travel time spent in this place.
 C = Inter-level travel time spent in this place.
 D = Time resting spent in this place.
 E = Time spent auto-exploring this place.
 F = Levels seen in this place.
 G = Mean time per level.
                   A        B        C        D        E       F      G
               +--------+--------+--------+--------+--------+-----+--------+
         Total |    161 |    145 |     16 |      0 |      0 |   1 |  161.0 |
       Dungeon |    161 |    145 |     16 |      0 |      0 |   1 |  161.0 |
               +--------+--------+--------+--------+--------+-----+--------+

Top non-repeatable levels by time:
     D:1: 161 daAuts
